[Event "Chinese Championship-B Women 2024"]
[Site "Liaocheng"]
[Date "2024.04.24"]
[Round "1.1"]
[White "Wu, Yuetong"]
[Black "Wang, Chuqiao"]
[Result "0-1"]
[WhiteElo "1611"]
[BlackElo "2302"]
[PlyCount "84"]
[EventDate "2024.04.24"]
[EventType "swiss"]
[EventCountry "CHN"]
[TimeControl "5400+30"]

1. e4 e5 2. Nf3 Nc6 3. Bb5 a6 4. Ba4 Nf6 5. O-O Be7 6. Re1 b5 7. Bb3 d6 8. h3 O-O 9. c3 Bb7 10. d4 Re8 11. Nbd2 Bf8 12. Ng5 Re7 13. Ndf3 h6 14. Nxf7 Rxf7 15. Bxf7+ Kxf7 16. Qb3+ Kg6 17. Nh4+ Kh7 18. Nf5 Qd7 19. Ng3 Kh8 20. dxe5 Nxe5 21. f4 Nd3 22. Re3 Nxf4 23. Rf3 Ng6 24. Bxh6 Nxe4 25. Nxe4 Bxe4 26. Rf7 Qc6 27. Qd1 Qc5+ 28. Kh1 gxh6 29. Qd2 Qg5 30. Qd4+ Qe5 31. Qd2 Qd5 32. Qf2 Bg7 33. Rf1 Qe6 34. Re1 d5 35. Rxc7 Be5 36. Rb7 Qxh3+ 37. Kg1 Qh2+ 38. Kf1 Bd3+ 39. Re2 Qh1+ 40. Qg1 Rf8+ 41. Ke1 Qxg1+ 42. Kd2 Bf4+ 0-1

[Event "Chinese Championship-B Women 2024"]
[Site "Liaocheng"]
[Date "2024.04.24"]
[Round "1.2"]
[White "Hu, Yu A."]
[Black "Yang, Fuyu"]
[Result "1-0"]
[WhiteElo "2148"]
[BlackElo "1607"]
[PlyCount "97"]
[EventDate "2024.04.24"]
[EventType "swiss"]
[EventCountry "CHN"]
[TimeControl "5400+30"]

1. d4 d5 2. Nf3 Nf6 3. c4 e6 4. Nc3 Nbd7 5. cxd5 exd5 6. Bg5 c6 7. e3 Qa5 8. Bxf6 Nxf6 9. Nd2 Bb4 10. Qc2 O-O 11. Bd3 c5 12. Nb3 Qc7 13. dxc5 a5 14. a3 a4 15. Nd4 Ba5 16. O-O Qxc5 17. Nxa4 Qd6 18. Qc5 Qe5 19. b4 Bd8 20. Nf3 Qe6 21. Qc2 b6 22. Nc3 Bd7 23. Ne2 Ng4 24. Bxh7+ Kh8 25. Nf4 Qh6 26. Bf5 Ba4 27. Qd3 Nf6 28. Rac1 g6 29. Bc8 g5 30. Nxd5 Nxd5 31. Qxd5 Bf6 32. Qxa8 Bb5 33. Rfd1 g4 34. Nd4 Bd7 35. Qb7 Ba4 36. Re1 Be5 37. g3 Qf6 38. Bxg4 Rb8 39. Rc8+ Rxc8 40. Qxc8+ Kg7 41. Nf5+ Kh7 42. Qf8 Bc6 43. e4 Bc3 44. Ne7 Bd7 45. Bxd7 Bxe1 46. Bf5+ Qxf5 47. Qg8+ Kh6 48. Nxf5+ Kh5 49. g4# 1-0

[Event "Chinese Championship-B Women 2024"]
[Site "Liaocheng"]
[Date "2024.04.24"]
[Round "1.3"]
[White "Qu, Manchen"]
[Black "Chu, Ruotong"]
[Result "1/2-1/2"]
[WhiteElo "1604"]
[BlackElo "2124"]
[PlyCount "78"]
[EventDate "2024.04.24"]
[EventType "swiss"]
[EventCountry "CHN"]
[TimeControl "5400+30"]

1. e4 c5 2. Nf3 e6 3. d4 cxd4 4. Nxd4 Nc6 5. Nc3 Qc7 6. Be3 Nf6 7. Bd3 a6 8. O-O h5 9. h3 b5 10. a3 Bb7 11. Nxc6 dxc6 12. f4 c5 13. e5 b4 14. exf6 bxc3 15. bxc3 gxf6 16. Be2 Rd8 17. Qe1 f5 18. Bf3 Be7 19. Bxb7 Qxb7 20. Qf2 Rg8 21. Rab1 Qe4 22. Rfd1 Rxd1+ 23. Rxd1 Rg6 24. Rd2 Bh4 25. Qxh4 Qxe3+ 26. Qf2 Qxc3 27. Rd3 Qa5 28. Qf3 Rh6 29. Qc6+ Kf8 30. Qd6+ Kg7 31. Qe5+ Kg8 32. Rg3+ Rg6 33. Rxg6+ fxg6 34. Qxe6+ Kg7 35. Qe7+ Kg8 36. Qe8+ Kg7 37. Qe7+ Kg8 38. Qe8+ Kg7 39. Qe7+ Kg8 1/2-1/2

[Event "Chinese Championship-B Women 2024"]
[Site "Liaocheng"]
[Date "2024.04.24"]
[Round "1.4"]
[White "Ren, Xiaoyi"]
[Black "Wu, Ruoyi"]
[Result "0-1"]
[WhiteElo "2075"]
[BlackElo "1604"]
[PlyCount "88"]
[EventDate "2024.04.24"]
[EventType "swiss"]
[EventCountry "CHN"]
[TimeControl "5400+30"]

1. e4 c6 2. d4 d5 3. e5 Bf5 4. h4 h6 5. g4 Bh7 6. e6 fxe6 7. Bd3 g6 8. h5 g5 9. f4 gxf4 10. Bxf4 Nd7 11. Nf3 Qb6 12. b3 O-O-O 13. Nc3 Ngf6 14. Bxh7 Rxh7 15. g5 Ne8 16. Qd2 Bg7 17. O-O-O Nd6 18. gxh6 Bf6 19. Rhe1 Nf8 20. Kb1 Qb4 21. Qd3 c5 22. Ng5 Bxg5 23. Bxg5 cxd4 24. Qxd4 Qxd4 25. Rxd4 Nf5 26. Rf4 Nxh6 27. Nb5 a6 28. Nd4 Kd7 29. c4 Nf7 30. Bh4 dxc4 31. Ref1 Ke8 32. Nf3 Nd7 33. Rg4 Nf6 34. Rxc4 Rxh5 35. Rc7 Rd7 36. Rc8+ Nd8 37. Bg3 Ne4 38. Bf4 Rf5 39. Bh6 Rd3 40. Rg1 Kd7 41. Ne1 Rh3 42. Rc4 Nd6 43. Bg7 Nxc4 44. bxc4 Rfh5 0-1

[Event "Chinese Championship-B Women 2024"]
[Site "Liaocheng"]
[Date "2024.04.24"]
[Round "1.5"]
[White "Song, Yuzhen"]
[Black "Yang, Yijing"]
[Result "1-0"]
[WhiteElo "1598"]
[BlackElo "2040"]
[PlyCount "103"]
[EventDate "2024.04.24"]
[EventType "swiss"]
[EventCountry "CHN"]
[TimeControl "5400+30"]

1. e4 c5 2. Nf3 e6 3. c3 Nf6 4. e5 Nd5 5. d4 cxd4 6. cxd4 d6 7. Be2 Nc6 8. O-O Qc7 9. exd6 Bxd6 10. Nc3 Nxc3 11. bxc3 O-O 12. Qd3 h6 13. Bb2 e5 14. dxe5 Nxe5 15. Nxe5 Bxe5 16. h3 Be6 17. Qc2 Rac8 18. Qe4 Rfe8 19. Bd3 f5 20. Qf3 Qf7 21. Rac1 Qf6 22. Bb1 Rc4 23. Rfe1 b6 24. a3 Kh8 25. Qh5 Re7 26. Qf3 Re8 27. Qh5 Rec8 28. Qe2 R8c5 29. Bd3 Rh4 30. Qf3 Bd7 31. Qa8+ Kh7 32. Qf3 Rf4 33. Qe3 Bc6 34. Bf1 Re4 35. Qd3 Qg5 36. Rxe4 Bxe4 37. Qe2 Bf4 38. Rd1 Rc6 39. f3 Qg3 40. fxe4 Qh2+ 41. Kf2 Qg3+ 42. Kg1 Qh2+ 43. Kf2 Bg3+ 44. Ke3 fxe4 45. Kd2 Re6 46. Kc2 Bf4 47. Rd4 Qg1 48. Rxe4 Rf6 49. Qd3 Kg8 50. Qc4+ Kh7 51. Rxf4 Rd6 52. Bd3+ 1-0

[Event "Chinese Championship-B Women 2024"]
[Site "Liaocheng"]
[Date "2024.04.24"]
[Round "1.6"]
[White "Xu, Mingwei"]
[Black "Wang, Yujia"]
[Result "1-0"]
[WhiteElo "2037"]
[BlackElo "1598"]
[PlyCount "79"]
[EventDate "2024.04.24"]
[EventType "swiss"]
[EventCountry "CHN"]
[TimeControl "5400+30"]

1. e4 e5 2. Nf3 Nc6 3. Nc3 Nf6 4. d4 exd4 5. Nxd4 Bb4 6. Nxc6 bxc6 7. Bd3 O-O 8. O-O d5 9. exd5 cxd5 10. h3 h6 11. Qf3 c6 12. Bf4 Bd6 13. Ne2 Qc7 14. Rfd1 Be6 15. Bxh6 c5 16. c3 c4 17. Bc2 Ne4 18. Bf4 Nf6 19. Rd4 Be5 20. Bxe5 Qxe5 21. Ng3 g6 22. Kf1 Kg7 23. Re1 Qc7 24. Rf4 Nh7 25. Nh5+ Kg8 26. Nf6+ Nxf6 27. Rxf6 Kg7 28. Rexe6 Rfe8 29. Rxg6+ Kf8 30. Rxe8+ Rxe8 31. Rh6 Qe5 32. g3 Re6 33. Rxe6 Qxe6 34. Kg2 a5 35. h4 Kg7 36. Qf5 Qb6 37. h5 Qe6 38. Qg5+ Kh8 39. h6 f6 40. Qg7# 1-0

[Event "Chinese Championship-B Women 2024"]
[Site "Liaocheng"]
[Date "2024.04.24"]
[Round "1.7"]
[White "Tong, Yiyi"]
[Black "Zhao, Yunqing"]
[Result "1/2-1/2"]
[WhiteElo "1591"]
[BlackElo "1965"]
[PlyCount "115"]
[EventDate "2024.04.24"]
[EventType "swiss"]
[EventCountry "CHN"]
[TimeControl "5400+30"]

1. d4 Nf6 2. c4 e6 3. Nf3 b6 4. Nc3 Bb4 5. e3 Bb7 6. Bd3 O-O 7. Bd2 d6 8. O-O Nbd7 9. Ne2 Bxd2 10. Nxd2 e5 11. Qc2 Re8 12. Ng3 Nf8 13. Rad1 g6 14. c5 exd4 15. exd4 Ne6 16. Nb3 Qd7 17. Rfe1 Rad8 18. Bc4 Nf4 19. f3 bxc5 20. Rxe8+ Qxe8 21. dxc5 dxc5 22. Rxd8 Qxd8 23. Qc3 Qd6 24. Qe3 Bd5 25. Bxd5 N4xd5 26. Qxc5 Qe5 27. Qf2 h5 28. Qe2 Qf4 29. Qd2 h4 30. Ne4 Nxe4 31. Qxf4 Nxf4 32. fxe4 Nd3 33. Kf1 f6 34. Nd4 c5 35. Nb5 Nxb2 36. Nxa7 Kf7 37. Nb5 Ke6 38. Ke2 Ke5 39. Ke3 g5 40. Nc3 Nc4+ 41. Kd3 Na3 42. Ke3 g4 43. g3 h3 44. Ne2 c4 45. Nd4 Nb1 46. a4 Nc3 47. a5 Nxe4 48. Nc6+ Kd6 49. Nd4 Nxg3 50. Kf4 Nf1 51. Kxg4 Nxh2+ 52. Kxh3 Nf1 53. Kg4 Ne3+ 54. Kf4 Nd5+ 55. Ke4 Nc7 56. Nf5+ Kc5 57. Ne3 Kb4 58. Nxc4 1/2-1/2

[Event "Chinese Championship-B Women 2024"]
[Site "Liaocheng"]
[Date "2024.04.24"]
[Round "1.8"]
[White "Du, Yuxin"]
[Black "Wang, Rachel Zihan"]
[Result "1/2-1/2"]
[WhiteElo "1960"]
[BlackElo "1813"]
[PlyCount "117"]
[EventDate "2024.04.24"]
[EventType "swiss"]
[EventCountry "CHN"]
[TimeControl "5400+30"]

1. e4 e6 2. d4 d5 3. e5 c5 4. c3 Nc6 5. Nf3 Qb6 6. a3 c4 7. Be2 Na5 8. Nbd2 Bd7 9. O-O Ne7 10. Re1 h6 11. Rb1 g5 12. g3 Ng6 13. h3 Be7 14. Nh2 O-O-O 15. Bh5 Rdf8 16. Ng4 Be8 17. Re3 Bd8 18. Rf3 Qc7 19. Nf1 Ne7 20. Nfe3 f5 21. exf6 Bxh5 22. fxe7 Bxe7 23. Rxf8+ Rxf8 24. Bd2 Nb3 25. Be1 Bg6 26. Nc2 Bd6 27. Qe2 Kb8 28. Rd1 Bd3 29. Rxd3 cxd3 30. Qxd3 Qc4 31. Qxc4 dxc4 32. Nxh6 e5 33. Ng4 e4 34. Nge3 b5 35. Kg2 Kb7 36. Nf1 Nc1 37. Nfe3 Nb3 38. Nf1 Nc1 39. Nfe3 Nd3 40. Nd1 Nxe1+ 41. Nxe1 a5 42. Ne3 Rc8 43. N1c2 b4 44. axb4 axb4 45. cxb4 c3 46. bxc3 Rxc3 47. h4 gxh4 48. gxh4 Rc8 49. Nf5 Rxc2 50. Nxd6+ Kc6 51. Nxe4 Kd5 52. Ng5 Kxd4 53. Kg3 Ke5 54. Nf7+ Ke6 55. Ng5+ Kf5 56. f3 Rb2 57. Ne4 Rxb4 58. Nd6+ Kf6 59. Ne4+ 1/2-1/2

[Event "Chinese Championship-B Women 2024"]
[Site "Liaocheng"]
[Date "2024.04.24"]
[Round "1.9"]
[White "Ma, Yuchen"]
[Black "Guo, Weibao"]
[Result "0-1"]
[WhiteElo "1586"]
[BlackElo "1954"]
[PlyCount "76"]
[EventDate "2024.04.24"]
[EventType "swiss"]
[EventCountry "CHN"]
[TimeControl "5400+30"]

1. e4 e6 2. d4 d5 3. Nc3 Nf6 4. e5 Nfd7 5. Bd3 c5 6. Be3 Nc6 7. Bb5 cxd4 8. Bxd4 a6 9. Bxc6 bxc6 10. Nce2 c5 11. Bc3 d4 12. Bd2 Nxe5 13. Bf4 Ng6 14. Bg3 Bd6 15. Nf3 Bb7 16. Qd3 e5 17. Qf5 O-O 18. O-O Qc7 19. Nd2 Nf4 20. Bxf4 exf4 21. Nc4 f3 22. Ng3 fxg2 23. Rfe1 Bxg3 24. fxg3 Rae8 25. Ne5 Re6 26. Nd3 Rc6 27. Nf4 Rf6 28. Qg5 h6 29. Qg4 Qb6 30. Nd3 c4 31. h3 cxd3 32. cxd3 Qxb2 33. Qe2 Rf1+ 34. Rxf1 Qxe2 35. Rfe1 Qxd3 36. Rad1 Qxg3 37. Rxd4 Qxe1+ 38. Kh2 g1=Q# 0-1

[Event "Chinese Championship-B Women 2024"]
[Site "Liaocheng"]
[Date "2024.04.24"]
[Round "1.10"]
[White "Wang, Xiaoyan"]
[Black "Liang, Chenzhuo"]
[Result "1-0"]
[WhiteElo "1932"]
[BlackElo "1582"]
[PlyCount "32"]
[EventDate "2024.04.24"]
[EventType "swiss"]
[EventCountry "CHN"]
[TimeControl "5400+30"]

1. d4 d5 2. c4 e6 3. Nc3 Be7 4. Nf3 Nf6 5. Bg5 h6 6. Bh4 O-O 7. e3 b6 8. Be2 Bb7 9. Bxf6 Bxf6 10. cxd5 exd5 11. b4 Nd7 12. b5 Be7 13. O-O Nf6 14. a4 Rc8 15. Qb3 Bd6 16. a5 Qe7 1-0

[Event "Chinese Championship-B Women 2024"]
[Site "Liaocheng"]
[Date "2024.04.24"]
[Round "1.11"]
[White "Cao, Youjia"]
[Black "Jiang, Tianyu"]
[Result "0-1"]
[WhiteElo "1579"]
[BlackElo "1929"]
[PlyCount "88"]
[EventDate "2024.04.24"]
[EventType "swiss"]
[EventCountry "CHN"]
[TimeControl "5400+30"]

1. e4 c5 2. Nf3 e6 3. d4 cxd4 4. Nxd4 Nc6 5. Nc3 Qc7 6. Nxc6 bxc6 7. Bd3 Nf6 8. O-O Be7 9. f4 d5 10. Kh1 O-O 11. Rf3 Rd8 12. Bd2 d4 13. Na4 e5 14. f5 c5 15. b3 c4 16. Bxc4 Nxe4 17. Rf1 Bf6 18. Bb4 a5 19. Ba3 Bb7 20. Qe2 Nd6 21. Bxd6 Qxd6 22. Qh5 Rd7 23. Rad1 Rc8 24. Rd3 Rxc4 25. bxc4 Qc6 26. Qe2 Qxa4 27. Rb3 h6 28. Rfb1 Qc6 29. Rb6 Qe4 30. Qf2 Bg5 31. c5 Rc7 32. R6b5 a4 33. a3 Kh7 34. h3 Be3 35. Qe2 Ba6 36. Qf1 Bxb5 37. Rxb5 Qxc2 38. Rb1 Rxc5 39. Rb7 Qe4 40. Rb1 Qxb1 41. Qxb1 Rc1+ 42. Qxc1 Bxc1 43. Kg1 Bxa3 44. Kf2 Bb2 0-1

[Event "Chinese Championship-B Women 2024"]
[Site "Liaocheng"]
[Date "2024.04.24"]
[Round "1.12"]
[White "Zhao, Chenyu"]
[Black "Tian, Jiaxin"]
[Result "1-0"]
[WhiteElo "1909"]
[BlackElo "1577"]
[PlyCount "73"]
[EventDate "2024.04.24"]
[EventType "swiss"]
[EventCountry "CHN"]
[TimeControl "5400+30"]

1. e4 c6 2. d4 d5 3. Nc3 dxe4 4. Nxe4 Nf6 5. Nxf6+ exf6 6. Be3 Bd6 7. Bd3 O-O 8. Ne2 Re8 9. O-O Qc7 10. h3 Nd7 11. c4 Nf8 12. Qd2 Ne6 13. Rac1 Bd7 14. Rfd1 Rad8 15. b4 Nf8 16. c5 Be7 17. b5 Be6 18. bxc6 bxc6 19. Nf4 Qd7 20. Qc2 g6 21. Qa4 f5 22. d5 Bxd5 23. Bc4 Rb8 24. Bxd5 cxd5 25. c6 Qc8 26. Nxd5 a6 27. c7 Rb2 28. Qxe8 Qxe8 29. c8=Q Qb5 30. Nxe7+ Kg7 31. Bd4+ f6 32. Bxf6+ Kxf6 33. Qxf8+ Kg5 34. h4+ Kxh4 35. Qh6+ Kg4 36. Rd4+ f4 37. Rxf4# 1-0

[Event "Chinese Championship-B Women 2024"]
[Site "Liaocheng"]
[Date "2024.04.24"]
[Round "1.13"]
[White "Fang, Yiwen"]
[Black "Gao, Muziyan"]
[Result "0-1"]
[WhiteElo "1569"]
[BlackElo "1891"]
[PlyCount "40"]
[EventDate "2024.04.24"]
[EventType "swiss"]
[EventCountry "CHN"]
[TimeControl "5400+30"]

1. d4 Nf6 2. c4 e6 3. Nc3 Bb4 4. Qc2 d5 5. cxd5 exd5 6. Bg5 h6 7. Bh4 c5 8. dxc5 g5 9. Bg3 Nc6 10. O-O-O Qa5 11. Kb1 Bxc3 12. Qxc3 Bf5+ 13. Ka1 Nb4 14. a3 Qa4 15. Rc1 Nc2+ 16. Ka2 d4 17. Qf3 Qc4+ 18. Qb3 Nb4+ 19. axb4 Qxc1 20. Qa4+ Bd7 0-1

[Event "Chinese Championship-B Women 2024"]
[Site "Liaocheng"]
[Date "2024.04.24"]
[Round "1.14"]
[White "Men, Jiayi"]
[Black "Li, Hanyu(Bj)"]
[Result "1-0"]
[WhiteElo "1845"]
[BlackElo "1553"]
[PlyCount "121"]
[EventDate "2024.04.24"]
[EventType "swiss"]
[EventCountry "CHN"]
[TimeControl "5400+30"]

1. d4 d5 2. Nf3 Nf6 3. g3 e6 4. Bg2 c6 5. c4 Be7 6. O-O O-O 7. Nc3 Nbd7 8. b3 b6 9. Bb2 Bb7 10. Ne5 Qc7 11. Nxd7 Qxd7 12. cxd5 cxd5 13. Qd3 Rac8 14. Rac1 Rfd8 15. Rfd1 h6 16. e3 Rc7 17. Nb5 Rxc1 18. Rxc1 Ba6 19. a4 Bd6 20. Bf1 Ne4 21. Qd1 Bxb5 22. Bxb5 Qe7 23. Bd3 f5 24. f3 Nf6 25. Qe2 Qe8 26. e4 fxe4 27. fxe4 dxe4 28. Bxe4 Nxe4 29. Qxe4 Qe7 30. Re1 Re8 31. d5 e5 32. Rf1 Rf8 33. Rxf8+ Qxf8 34. Kg2 Qf6 35. Bc3 h5 36. b4 g5 37. h3 Kg7 38. Bd2 Be7 39. g4 hxg4 40. hxg4 Bd6 41. Be3 Bc7 42. Qc4 Bd6 43. a5 bxa5 44. bxa5 Qh6 45. Bxa7 e4 46. Bg1 Qh4 47. Qd4+ Kg8 48. Qxe4 Qg3+ 49. Kf1 Qh3+ 50. Ke2 Qa3 51. Qe8+ Kh7 52. Qf7+ Kh6 53. Qh5+ Kg7 54. Bd4+ Kf8 55. Qh6+ Ke8 56. Qg6+ Kd7 57. Qf7+ Be7 58. Qe6+ Ke8 59. Qg6+ Kd7 60. Qc6+ Kd8 61. Bb6# 1-0

[Event "Chinese Championship-B Women 2024"]
[Site "Liaocheng"]
[Date "2024.04.24"]
[Round "1.15"]
[White "Xia, Miaoyan"]
[Black "Liu, Youyin"]
[Result "0-1"]
[WhiteElo "1551"]
[BlackElo "1840"]
[PlyCount "166"]
[EventDate "2024.04.24"]
[EventType "swiss"]
[EventCountry "CHN"]
[TimeControl "5400+30"]

1. e4 c6 2. d4 d5 3. e5 Bf5 4. c4 e6 5. Nc3 dxc4 6. Bxc4 Ne7 7. Nge2 Nd5 8. Ng3 Bg6 9. Nce4 Nb6 10. Be2 Bb4+ 11. Kf1 N8d7 12. Bg5 Qc7 13. a3 Be7 14. Bxe7 Kxe7 15. Bh5 Bxh5 16. Qxh5 h6 17. Nd6 g6 18. Qh4+ Kf8 19. Nge4 Nc8 20. Qf4 Nxd6 21. Nxd6 Nb6 22. h4 Nd5 23. Qf3 h5 24. Rh3 Kg7 25. g4 Raf8 26. g5 Qb6 27. Qe4 Ne7 28. b4 Nf5 29. Nxf5+ gxf5 30. Qd3 Rd8 31. Rd1 Rd5 32. Qc4 Qb5 33. Qxb5 Rxb5 34. Rc3 Rd8 35. Ke2 Rbd5 36. Rcd3 a5 37. bxa5 c5 38. dxc5 Rxe5+ 39. Kf1 Rxd3 40. Rxd3 Rxc5 41. Rb3 Rxa5 42. Rxb7 Rxa3 43. Kg2 Ra4 44. Kg3 Rg4+ 45. Kh3 f4 46. Ra7 Kg6 47. Ra5 Kg7 48. Rb5 Kg6 49. Ra5 f3 50. Ra3 Rf4 51. Ra5 Rf5 52. Ra4 f6 53. Ra6 fxg5 54. Rxe6+ Kf7 55. Rb6 g4+ 56. Kg3 Rf6 57. Rb5 Kg6 58. Rg5+ Kh6 59. Ra5 Rd6 60. Ra1 Kg6 61. Rb1 Re6 62. Ra1 Kf5 63. Rb1 Re5 64. Rb2 Ke4 65. Ra2 Kd3 66. Ra3+ Ke2 67. Ra2+ Kd3 68. Ra3+ Kc2 69. Ra2+ Kb3 70. Ra8 Rd5 71. Rh8 Kc3 72. Ra8 Kd2 73. Ra2+ Ke1 74. Ra1+ Ke2 75. Ra2+ Kd3 76. Ra3+ Ke4 77. Ra2 Rd1 78. Kh2 Kd3 79. Ra5 Ke2 80. Rxh5 Kxf2 81. Ra5 g3+ 82. Kh3 g2 83. Ra2+ Kf1 0-1

[Event "Chinese Championship-B Women 2024"]
[Site "Liaocheng"]
[Date "2024.04.24"]
[Round "2.1"]
[White "Wang, Chuqiao"]
[Black "Wu, Yiting"]
[Result "1-0"]
[WhiteElo "2302"]
[BlackElo "1721"]
[PlyCount "91"]
[EventDate "2024.04.24"]
[EventType "swiss"]
[EventCountry "CHN"]
[TimeControl "5400+30"]

1. d4 d5 2. c4 e6 3. Nc3 Nf6 4. cxd5 exd5 5. Bg5 c6 6. e3 h6 7. Bh4 Be7 8. Bd3 O-O 9. Qc2 Nbd7 10. Nge2 Nh5 11. Bxe7 Qxe7 12. O-O Re8 13. a3 Nf8 14. Rae1 Bd7 15. Ng3 Nxg3 16. hxg3 Qg5 17. Na4 Rad8 18. b4 a6 19. Nc5 Bc8 20. a4 Nd7 21. b5 cxb5 22. axb5 a5 23. Nxd7 Rxd7 24. b6 Rd6 25. Qc5 Qd8 26. Rb1 Rc6 27. Qxa5 Ree6 28. Rfc1 g6 29. Bb5 Rxc1+ 30. Rxc1 Kg7 31. Rc7 Re7 32. Rxe7 Qxe7 33. Qc3 Qd8 34. Qc5 Be6 35. Bd3 Qd7 36. e4 Qd8 37. f4 Qd7 38. Bb5 Qd8 39. Qc7 Qa8 40. exd5 Bf5 41. Qe5+ Kh7 42. d6 Qd8 43. Qe7 Qxb6 44. Qxf7+ Kh8 45. Qf6+ Kh7 46. Bc4 1-0

[Event "Chinese Championship-B Women 2024"]
[Site "Liaocheng"]
[Date "2024.04.24"]
[Round "2.2"]
[White "Pian, Junyao"]
[Black "Hu, Yu A."]
[Result "1/2-1/2"]
[WhiteElo "1717"]
[BlackElo "2148"]
[PlyCount "67"]
[EventDate "2024.04.24"]
[EventType "swiss"]
[EventCountry "CHN"]
[TimeControl "5400+30"]

1. e4 e5 2. Nf3 Nf6 3. Nxe5 d6 4. Nf3 Nxe4 5. Nc3 Nxc3 6. dxc3 Be7 7. Be3 Nd7 8. Qd2 O-O 9. Bd3 Nf6 10. c4 c5 11. h3 Bd7 12. O-O Bc6 13. Qe2 Re8 14. Rad1 Qa5 15. a3 Bf8 16. Nh2 d5 17. Ng4 Nxg4 18. Qxg4 dxc4 19. Bxc4 Re4 20. Qe2 Rd8 21. Bd3 Re6 22. Qh5 g6 23. Qh4 Rde8 24. Bd2 Qc7 25. Bf4 Bd6 26. Bxd6 Rxd6 27. Qg3 Rd7 28. Qxc7 Rxc7 29. Rfe1 Rce7 30. Rxe7 Rxe7 31. f4 Kg7 32. Kf2 b5 33. b3 h5 34. g3 1/2-1/2

[Event "Chinese Championship-B Women 2024"]
[Site "Liaocheng"]
[Date "2024.04.24"]
[Round "2.3"]
[White "Lou, Yuxin"]
[Black "Xu, Mingwei"]
[Result "1/2-1/2"]
[WhiteElo "1706"]
[BlackElo "2037"]
[PlyCount "157"]
[EventDate "2024.04.24"]
[EventType "swiss"]
[EventCountry "CHN"]
[TimeControl "5400+30"]

1. d4 d5 2. c4 e6 3. Nc3 h6 4. Nf3 Nf6 5. cxd5 exd5 6. Bf4 Bd6 7. Bxd6 Qxd6 8. e3 O-O 9. Bd3 Bg4 10. h3 Bh5 11. O-O c6 12. Be2 Nbd7 13. Nd2 Bxe2 14. Qxe2 Rae8 15. Qd3 Qe6 16. Rfe1 Ne4 17. Ncxe4 dxe4 18. Qb3 Nb6 19. Qxe6 Rxe6 20. Nb3 f5 21. Nc5 Re7 22. Rac1 Nd5 23. a3 g5 24. Rc2 Rf6 25. Rce2 h5 26. f3 b6 27. Na4 Rfe6 28. Nc3 Nxc3 29. bxc3 Kf7 30. Kf2 Kf6 31. c4 Rd7 32. Rd1 Red6 33. Red2 c5 34. d5 Ke5 35. a4 a6 36. Rb1 Rb7 37. Rdb2 b5 38. axb5 Rdb6 39. d6 axb5 40. d7 Rxd7 41. Rxb5 Rc6 42. Ke2 Rd3 43. Rd1 Rxd1 44. Kxd1 f4 45. Ke2 Kf5 46. Kf2 g4 47. hxg4+ hxg4 48. exf4 Kxf4 49. fxg4 e3+ 50. Ke2 Ke4 51. Rb3 Kd4 52. Rxe3 Kxc4 53. Kd2 Ra6 54. Rc3+ Kd4 55. Rd3+ Ke4 56. Rc3 Kd4 57. Rd3+ Ke4 58. Rc3 Ra2+ 59. Rc2 Ra5 60. Rc4+ Kd5 61. Rc3 Ra2+ 62. Rc2 Ra4 63. Kc3 Rc4+ 64. Kb3 Rxg4 65. Rd2+ Kc6 66. Kc3 Rg3+ 67. Kc4 Re3 68. Rf2 Re4+ 69. Kd3 Rg4 70. Kc3 Kb5 71. Rb2+ Kc6 72. Rf2 Kd5 73. Rf5+ Kd6 74. Rf2 c4 75. g3 Kd5 76. Rf5+ Ke4 77. Rf4+ Rxf4 78. gxf4 Kxf4 79. Kxc4 1/2-1/2

[Event "Chinese Championship-B Women 2024"]
[Site "Liaocheng"]
[Date "2024.04.24"]
[Round "2.4"]
[White "Guo, Weibao"]
[Black "Guo, Hanxi"]
[Result "1/2-1/2"]
[WhiteElo "1954"]
[BlackElo "1699"]
[PlyCount "66"]
[EventDate "2024.04.24"]
[EventType "swiss"]
[EventCountry "CHN"]
[TimeControl "5400+30"]

1. Nf3 d5 2. e3 c5 3. d4 e6 4. c4 Nc6 5. Nc3 Nf6 6. a3 cxd4 7. exd4 dxc4 8. Bxc4 Be7 9. O-O O-O 10. Re1 Nd5 11. Ba2 Bf6 12. Be3 Nce7 13. Rc1 b6 14. Ne4 Bb7 15. Bb1 h6 16. Qd3 Nf5 17. Bd2 Re8 18. Ng3 Nde7 19. Ne4 Ng6 20. Be3 Nf8 21. Red1 Nd6 22. Nfd2 Nf5 23. Nf3 Nd6 24. Ng3 Bxf3 25. gxf3 Bg5 26. Rc3 Bxe3 27. fxe3 Qg5 28. Kh1 Rac8 29. Rg1 Rxc3 30. Qxc3 Rc8 31. Qd3 Qb5 32. Qxb5 Nxb5 33. Nh5 g6 1/2-1/2

[Event "Chinese Championship-B Women 2024"]
[Site "Liaocheng"]
[Date "2024.04.24"]
[Round "2.5"]
[White "Wu, Shuang(Hlj)"]
[Black "Wang, Xiaoyan"]
[Result "1/2-1/2"]
[WhiteElo "1701"]
[BlackElo "1932"]
[PlyCount "59"]
[EventDate "2024.04.24"]
[EventType "swiss"]
[EventCountry "CHN"]
[TimeControl "5400+30"]

1. d4 Nf6 2. Nf3 g6 3. e3 Bg7 4. Be2 d6 5. O-O O-O 6. c4 Nc6 7. Nc3 e5 8. a3 a5 9. b3 Bf5 10. Bb2 Re8 11. d5 Ne7 12. b4 h6 13. Qb3 b6 14. Rfd1 g5 15. Nb5 Ne4 16. Bd3 Qd7 17. Qc2 Nf6 18. Bxf5 Nxf5 19. e4 Ne7 20. Qe2 Ng6 21. g3 Bf8 22. bxa5 Rxa5 23. Bc3 Ra4 24. Bb4 Rea8 25. Ne1 Be7 26. Nc2 Kh7 27. Nc3 R4a7 28. Ne3 Qh3 29. Qf1 Qd7 30. f3 1/2-1/2

[Event "Chinese Championship-B Women 2024"]
[Site "Liaocheng"]
[Date "2024.04.24"]
[Round "2.6"]
[White "Jiang, Tianyu"]
[Black "Ding, Yiran"]
[Result "1-0"]
[WhiteElo "1929"]
[BlackElo "1683"]
[PlyCount "63"]
[EventDate "2024.04.24"]
[EventType "swiss"]
[EventCountry "CHN"]
[TimeControl "5400+30"]

1. e4 c5 2. Nf3 e6 3. c3 Nf6 4. Bd3 d5 5. e5 Nfd7 6. Bc2 Nc6 7. d4 cxd4 8. cxd4 Be7 9. Nc3 O-O 10. O-O b6 11. Re1 Ba6 12. Bb1 Qc8 13. Qc2 g6 14. Bh6 Re8 15. Qd2 Bf8 16. h4 Na5 17. Qf4 Nc4 18. Nd1 Qb7 19. Bd3 Rac8 20. h5 Na5 21. Bxa6 Qxa6 22. Ne3 Qd3 23. Bxf8 Nxf8 24. Rad1 Qb5 25. Ng4 Re7 26. Qf6 h6 27. Qxe7 Kg7 28. Qf6+ Kh7 29. Qxf7+ Kh8 30. Nxh6 Nd7 31. hxg6 Qc6 32. Qh7# 1-0

[Event "Chinese Championship-B Women 2024"]
[Site "Liaocheng"]
[Date "2024.04.24"]
[Round "2.7"]
[White "Cao, Jiahui"]
[Black "Zhao, Chenyu"]
[Result "0-1"]
[WhiteElo "1685"]
[BlackElo "1909"]
[PlyCount "116"]
[EventDate "2024.04.24"]
[EventType "swiss"]
[EventCountry "CHN"]
[TimeControl "5400+30"]

1. e4 c5 2. Nf3 d6 3. d4 cxd4 4. Nxd4 Nf6 5. Nc3 Nc6 6. Be2 e5 7. Nf3 h6 8. Be3 Be6 9. Qd2 a6 10. a3 Be7 11. Rd1 O-O 12. O-O Rc8 13. Ne1 Na5 14. f4 Rxc3 15. bxc3 Nxe4 16. Qc1 Nxc3 17. Rd2 Nxe2+ 18. Rxe2 Bc4 19. Ref2 Bxf1 20. Rxf1 Nc4 21. Nd3 d5 22. fxe5 Bxa3 23. Qe1 Nxe3 24. Qxe3 Qe7 25. Qg3 Rc8 26. Nf4 Bc5+ 27. Kh1 Qxe5 28. Qb3 Bd6 29. Qxb7 Rc4 30. Qa8+ Kh7 31. Qxd5 Rxf4 32. Qd3+ f5 33. Rxf4 Qxf4 34. g3 Qe4+ 35. Qxe4 fxe4 36. Kg2 a5 37. Kf2 a4 38. Ke3 a3 39. Kxe4 a2 40. Kd5 a1=Q 41. Kxd6 Qd4+ 42. Kc6 Qc4+ 43. Kd6 Qxc2 44. h4 Qd3+ 45. Ke6 Qxg3 46. h5 Qg5 47. Kd6 Qf5 48. Kc6 Qe5 49. Kb6 Qd5 50. Kc7 Qe6 51. Kb7 Qd6 52. Ka8 Qd7 53. Kb8 Kg8 54. Ka8 Kf7 55. Kb8 Ke7 56. Ka8 Kd6 57. Kb8 Kc6 58. Ka8 Qb7# 0-1

[Event "Chinese Championship-B Women 2024"]
[Site "Liaocheng"]
[Date "2024.04.24"]
[Round "2.8"]
[White "Gao, Muziyan"]
[Black "Peng, Shiyang"]
[Result "1-0"]
[WhiteElo "1891"]
[BlackElo "1661"]
[PlyCount "83"]
[EventDate "2024.04.24"]
[EventType "swiss"]
[EventCountry "CHN"]
[TimeControl "5400+30"]

1. Nf3 Nf6 2. c4 e6 3. g3 b6 4. Bg2 Bb7 5. O-O c5 6. Nc3 d5 7. cxd5 exd5 8. Ne5 Nc6 9. Qa4 Qd6 10. d4 cxd4 11. Nxc6 Bxc6 12. Qxd4 Be7 13. Bf4 Qc5 14. Qd3 O-O 15. Rfc1 Qa5 16. Bd2 Bb4 17. a3 Bxc3 18. Bxc3 Qb5 19. Bxf6 gxf6 20. Qc3 Bb7 21. Qxf6 Qxe2 22. Re1 Qg4 23. Re5 h6 24. Qxh6 f6 25. Re7 Rf7 26. Rae1 Qg7 27. Re8+ Rxe8 28. Rxe8+ Rf8 29. Rxf8+ Kxf8 30. Qxg7+ Kxg7 31. f4 Kf7 32. Kf2 Ke6 33. g4 Ba6 34. Ke3 Kd6 35. h4 Bc8 36. f5 Ke5 37. h5 d4+ 38. Kd2 Bxf5 39. gxf5 Kxf5 40. Kd3 Kg5 41. Bf3 f5 42. Kxd4 1-0